 Dungeon Crawl Stone Soup version 0.21-a0-84-g85d6d27 (webtiles) character file.

75909 hairmachine the Severer (level 15, -3/140 HPs)
             Began as a Deep Dwarf Fighter on June 22, 2017.
             Was an Elder of Elyvilon.
             Slain by a white very ugly thing (51 damage)
             ... on level 3 of the Swamp on June 24, 2017.
             The game lasted 03:03:06 (22621 turns).

hairmachine the Severer (Deep Dwarf Fighter)       Turns: 22621, Time: 03:03:19

Health: -3/140     AC: 32    Str: 26    XL:     15   Next: 11%
Magic:  9/13       EV: 11    Int: 11    God:    Elyvilon [****..]
Gold:   1377       SH:  0    Dex: 15    Spells: 14/14 levels left

rFire    . . .     SeeInvis .   g - +5 battleaxe
rCold    . . .     Gourm    .   (shield currently unavailable)
rNeg     + . .     Faith    +   w - +1 plate armour
rPois    +         Spirit   .   J - +2 helmet
rElec    .         Reflect  .   C - +0 cloak
rCorr    .         Harm     .   R - +0 pair of fencer's gloves {+Riposte Dex+3}
MR       ++...                  Z - +2 pair of boots {run}
Stlth    ..........             K - amulet of faith {Faith}
HPRegen  0.00/turn              p - ring of poison resistance {rP+, !d}
MPRegen  0.13/turn              X - +4 ring of protection

@: about to teleport, non-regenerating, quick
A: damage resistance, heal wounds, yellow scales 1, negative energy resistance
1, sense surroundings 2, strong 1, no regeneration
a: Heal Wounds, Lesser Healing, Heal Other, Purification, Greater Healing,
Divine Protection, Renounce Religion


You were on level 3 of the Swamp.
You worshipped Elyvilon.
Elyvilon was greatly pleased with you.
You were hungry.

You visited 5 branches of the dungeon, and saw 23 of its levels.

You collected 1377 gold pieces.


Innate Abilities, Weirdness & Mutations

You are resistant to damage.
You can heal yourself by infusing magical energy.
You resist negative energy. (rN+)
You passively map the area around you.
You do not regenerate.
You are partially covered in yellow scales. (AC +2)
Your muscles are strong. (Str +2)


   Skills:
 + Level 10.7 Fighting
 - Level 20.0 Axes
 + Level 12.1 Armour
 - Level 6.0 Dodging
   Level 3.2 Shields
 - Level 10.0 Invocations
 - Level 5.7 Evocations


You had 14 spell levels left.
You didn't know any spells.

Inventory:

Hand Weapons
 g - a +5 battleaxe (weapon)
   (You took it off a wight on level 9 of the Dungeon)
 M - a +0 dire flail
   (You took it off a wight on level 9 of the Dungeon)
Missiles
 b - 17 stones (quivered)
 H - a silver tomahawk
Armour
 i - +2 fire dragon scales
   (You acquired it on level 3 of the Lair of Beasts)
 w - a +1 plate armour (worn)
   (You took it off an orc warrior on level 11 of the Dungeon)
 C - a +0 cloak (worn)
   (You found it on level 2 of the Lair of Beasts)
 J - a +2 helmet (worn)
   (You found it on level 1 of the Lair of Beasts)
 R - the +0 pair of fencer's gloves (worn) {+Riposte Dex+3}
   (You found it on level 6 of the Lair of Beasts)

   It affects your dexterity (+3).
 Z - a +2 pair of boots of running (worn)
   (You acquired it on level 1 of the Swamp)
Jewellery
 p - a ring of poison resistance (left hand) {rP+, !d}
   (You found it on level 12 of the Dungeon)
 s - an uncursed ring of resist corrosion {unknown}
   (You found it on level 1 of the Swamp)
 K - an amulet of faith (around neck) {Faith}
   (You found it on level 1 of the Lair of Beasts)
 X - a +4 ring of protection (right hand)
   (You found it on level 11 of the Dungeon)
Wands
 d - a wand of polymorph (19/24)
   (You found it on level 7 of the Dungeon)
 j - a wand of confusion (9/48)
   (You found it on level 6 of the Dungeon)
 x - a wand of lightning (0/15)
   (You found it on level 4 of the Lair of Beasts)
 G - a wand of lightning (1/15)
   (You found it on level 5 of the Lair of Beasts)
 I - a wand of iceblast (0/15)
   (You found it on level 1 of the Lair of Beasts)
 U - a wand of acid (0/15)
   (You found it on level 6 of the Lair of Beasts)
 V - a wand of enslavement (7/24)
   (You found it on level 10 of the Dungeon)
Scrolls
 k - 2 scrolls of recharging {!r}
 l - 2 scrolls of magic mapping {!r}
 m - 2 scrolls of amnesia {!r}
 q - 5 scrolls of identify {!r}
 r - 9 scrolls of remove curse {!r}
 t - 6 scrolls of teleportation {!r}
 L - 2 scrolls of blinking {!r}
Potions
 a - a potion of berserk rage {!q}
 e - a potion of mutation {!q, unknown}
 h - a potion of brilliance {!q, unknown}
 n - a potion of invisibility {!q}
 o - 14 potions of curing {!q}
 u - a potion of haste {!q}
 v - a potion of might {!q}
 z - 3 potions of flight {!q}
 N - a potion of heal wounds {!q}
 O - a potion of lignification {!q}
 P - 3 potions of degeneration {!q, unknown}
 S - a potion of agility {!q, unknown}
 T - a potion of magic {!q, unknown}
Books
 B - a book of Callings
   (You found it on level 7 of the Dungeon)

   Spells                             Type                      Level
   a - Summon Small Mammal            Summoning                    1
   b - Call Imp                       Summoning                    2
   c - Call Canine Familiar           Summoning                    3
   d - Summon Guardian Golem          Hexes/Summoning              3
   e - Summon Lightning Spire         Summoning/Air                4
   f - Summon Ice Beast               Ice/Summoning                4
 F - a book of Enchantments
   (You found it on level 1 of the Swamp)

   Spells                             Type                      Level
   a - Cause Fear                     Hexes                        4
   b - Yara's Violent Unravelling     Hexes/Transmutation          5
   c - Silence                        Hexes/Air                    5
   d - Deflect Missiles               Charms/Air                   6
   e - Discord                        Hexes                        8
 Q - a Young Poisoner's Handbook
   (You found it on level 2 of the Lair of Beasts)

   Spells                             Type                      Level
   a - Sting                          Conjuration/Poison           1
   b - Poisonous Vapours              Poison/Air                   2
   c - Mephitic Cloud                 Conjuration/Poison/Air       3
   d - Olgreb's Toxic Radiance        Poison                       4
   e - Venom Bolt                     Conjuration/Poison           5
Miscellaneous
 A - a lamp of fire (inert)
   (You found it on level 12 of the Dungeon)
Comestibles
 c - 7 chunks of flesh
 f - 14 bread rations
 D - 3 royal jellies
 E - 26 fruits
 Y - 7 meat rations

Dungeon Overview and Level Annotations

Branches:
Dungeon (12/15)            Temple (1/1) D:7            Lair (6/6) D:8
  Swamp (3/4) Lair:3       Spider (0/4) Lair:3        Slime (0/5) Lair:5
    Orc (1/2) D:11

Altars:
Ashenzari
Cheibriados
Dithmenos
Elyvilon
Fedhas
Gozag
Hepliaklqana
Kikubaaqudgha
Makhleb
Nemelex Xobeh
Okawaru
Qazlal
Ru
Sif Muna
Trog
Uskayaw
Vehumet
Wu Jian
Xom
Yredelemnul
Zin
The Shining One
Beogh
Jiyva

Shops:
D:5 %   D:6 }

Portals:
Hell: Lair:6

Annotations:
D:4 exclusion: downstairs
D:5 exclusion: downstairs
D:8 exclusion: downstairs
D:9 exclusion: statue
D:10 exclusion: downstairs
D:11 exclusion: downstairs
Lair:1 exclusions: downstairs and oklob plant
Lair:6 exclusion: oklob plant
Swamp:1 exclusion: downstairs

,♣.≈.≈♣≈≈♣♣≈§≈≈≈.≈≈♣
*,
?.≈.>≈≈w@♣♣...≈≈..♣
≈≈≈≈..♣≈u.♣♣.≈≈....♣♣
≈ *
≈.≈.♣♣...♣♣.≈..≈≈.≈♣
≈ ♣.≈.
♣♣%.♣♣♣≈...≈≈≈♣ *
♣..** ♣.≈♣
♣≈≈...≈..♣* *≈. *
.≈≈♣ ♣.≈≈≈.≈≈§♣* ♣..♣
♣♣.≈♣.≈♣≈≈., * ♣♣.♣
♣.≈≈≈≈≈≈≈.. *
♣.......≈≈≈ ,*
♣♣.....♣. * , * ≈ , *
, * *


You could see a white very ugly thing and a swamp worm.


Message History

You slice the alligator!!
The alligator is moderately wounded.
You slash the alligator!
The alligator is heavily wounded.
The alligator bites you but does no damage.
The alligator tail-slaps you but does no damage.
You slice the alligator!!
The alligator is almost dead.
You hit the alligator.
The alligator is almost dead.
You slice the alligator!!
You kill the alligator!
You enter the shallow water.
Moving in this stuff is going to be slow.
You see here an alligator corpse.
You butcher the alligator corpse.
You hear a splash.
c - 8 chunks of flesh (gained 5)
You see here an alligator skeleton.
The alligator seems less confused.
The alligator puts on a burst of speed!
You are healed.
You are feeling hungry.
Evoke which item? (* to show all) (? for menu, Esc to quit)
This wand has no charges.
Evoke which item? (* to show all) (? for menu, Esc to quit)
Aim the lamp in which direction?
Press: ? - help, Dir - move target cursor, f - alligator
Aim: an alligator (covering ground quickly)
The flames dance!
The trail of fire hits the alligator.
The alligator is lightly wounded.
The alligator is engulfed in blazing flames. x2
The alligator bites you.
The alligator tail-slaps you but does no damage.
You slice the alligator!!
The alligator is severely wounded.
You slice the alligator!!
You kill the alligator!
You enter the shallow water.
Moving in this stuff is going to be slow.
Found an escape hatch in the floor.
There is a stone staircase leading up here.
Eating one of 8 chunks of flesh.
You eat one of the 8 chunks of flesh.
This raw flesh tastes terrible.
You enter the shallow water.
Moving in this stuff is going to be slow.
You see here an alligator skeleton.
You enter the shallow water.
Moving in this stuff is going to be slow.
o - 14 potions of curing {!q} (gained 1)
You enter the shallow water.
Moving in this stuff is going to be slow.
You enter the shallow water.
Moving in this stuff is going to be slow.
r - 9 scrolls of remove curse {!r} (gained 3) Why would you want to do that?
A white very ugly thing comes into view.
The white very ugly thing gurgles horribly!
Found a stone staircase leading down.
Found a royal jelly.
Found a scroll of enchant armour.
A swamp worm bursts forth from the water.
The swamp worm barely misses you.
You enter the shallow water.
Moving in this stuff is going to be slow.
The swamp worm bites you but does no damage. x2
The white very ugly thing claws you!
* * * LOW HITPOINT WARNING * * *
The white very ugly thing freezes you!!
* * * LOW HITPOINT WARNING * * *
The swamp worm bites you!
* * * LOW HITPOINT WARNING * * *
Huge Dmg: -30%(-42hp) hp: 30%(41hp)
You are healed.
You feel quite a bit more hungry.
The white very ugly thing claws you but does no damage.
The swamp worm bites you!
* * * LOW HITPOINT WARNING * * *
You are healed.
You feel quite a bit more hungry. The swamp worm closely misses you.
You riposte.
You slash the swamp worm!
The swamp worm is heavily wounded.
You slash the white very ugly thing!
The white very ugly thing barely misses you.
You are feeling hungry.
You closely miss the swamp worm.
The swamp worm is heavily wounded.
You hit the white very ugly thing. The swamp worm barely misses you.
You riposte.
You closely miss the swamp worm.
The swamp worm is heavily wounded.
You slash the white very ugly thing! The white very ugly thing claws you.
* * * LOW HITPOINT WARNING * * *
The white very ugly thing freezes you!!
* * * LOW HITPOINT WARNING * * *
Huge Dmg: -22%(-30hp) hp: 38%(53hp) Really read
t - 7 scrolls of teleportation {!r}?
As you read the scroll of teleportation {!r}, it crumbles to dust.
You feel strangely unstable. The swamp worm misses you.
The white very ugly thing claws you!
* * * LOW HITPOINT WARNING * * *
The white very ugly thing freezes you!!!
You die...

Vault maps used:
D:1:      dpeg_arrival_chambers_temple_mockup
D:2:      nicolae_overflow_crystal_walls
D:3:      first_bread, st_stairs_8, dk_noncrumbling_2, minmay_strange_pillars,
          kennysheep_generic_room_11, uniq_jessica
D:4:      lemuel_crystal_altar
D:5:      serial_shops, shop, st_stairs_13, lightli_church_of_beogh, uniq_pikel,
          uniq_prince_ribbit1
D:6:      kennysheep_mini_moat, basic_altar, serial_shops,
          nicolae_shop_behind_doors
D:7:      nemelex_xobeh_ov_fountains_minmay, old_standard_altar,
          minmay_temple_entry_glassed_door
D:8:      nicolae_tso_besieged_by_evil, lemuel_doored_altar, old_standard_altar,
          david_lair_shrubbed, hangedman_ranch, okawaru_trees_1
D:9:      cheibrodos_helix_gallery, overflow_temple_1_default,
          lemuel_crystal_altar, vehumet_statue, david_defended_altar_elf
D:10:     nicolae_whirlpool, serial_bayou_pond_c, uniq_nergalle, uniq_joseph
D:11:     orc_0_dummy, fountainhead, uniq_snorg, uniq_psyche, uniq_josephine
Temple:   compressed_dpeg_circular_temple
Lair:1:   minmay_lair_oklob_items, guppyfry_lair_drakes, lemuel_fruit_tree
Lair:2:   serial_bayou_lagoon_a, grunt_megastairs_3, lemuel_fruit_fields
Lair:3:   statuecave_lemuel, minmay_swamp_entry_worms,
          nicolae_spider_entry_non_spiders
Lair:4:   beast_lair_carwin_large_3
Lair:5:   slime_altar_1
Lair:6:   evil_forest, minmay_lair_oklob_bushes, grunt_megastairs_1, uniq_kirke
Swamp:1:  evilmike_swamp_ruin_house_1
Swamp:2:  evilmike_swamp_ruin_house_5
Swamp:3:  hangedman_swamp_ruin_hall
Orc:1:    basic_altar, minmay_orc_temple_b, uniq_maurice

Notes
Turn   | Place    | Note
-------+----------+-------------------------------------------
     0 | D:1      | hairmachine the Deep Dwarf Fighter began the quest for the Orb.
     0 | D:1      | Reached XP level 1. HP: 20/20 MP: 1/1
   426 | D:1      | Reached skill level 3 in Axes
   500 | D:1      | Reached XP level 2. HP: 20/27 MP: 2/2
  1103 | D:2      | Reached XP level 3. HP: 24/33 MP: 3/3
  1189 | D:2      | Reached skill level 4 in Axes
  1380 | D:2      | Found an opulent altar of Gozag.
  1902 | D:3      | Noticed Jessica
  2039 | D:3      | Reached XP level 4. HP: 39/40 MP: 3/3
  2232 | D:3      | Killed Jessica
  2232 | D:3      | Reached skill level 5 in Axes
  2456 | D:3      | Reached XP level 5. HP: 42/46 MP: 4/4
  2510 | D:3      | Reached skill level 6 in Axes
  2803 | D:4      | Reached skill level 7 in Axes
  2803 | D:4      | Reached XP level 6. HP: 43/55 MP: 5/5
  2935 | D:4      | Found a glowing silver altar of Zin.
  3076 | D:4      | Reached skill level 8 in Axes
  3216 | D:5      | Entered Level 5 of the Dungeon
  3298 | D:5      | Noticed Prince Ribbit
  3313 | D:5      | Killed Prince Ribbit
  3313 | D:5      | Reached XP level 7. HP: 40/61 MP: 6/6
  3318 | D:5      | Reached skill level 9 in Axes
  3442 | D:5      | Found Imohud's Food Boutique.
  3563 | D:5      | Noticed Pikel
  3803 | D:5      | Reached skill level 10 in Axes
  3938 | D:5      | Reached XP level 8. HP: 60/69 MP: 6/6
  4063 | D:6      | Found a sparkling altar of Nemelex Xobeh.
  4378 | D:6      | Found Weenised's Gadget Emporium.
  4475 | D:6      | Reached skill level 5 in Armour
  4752 | D:6      | Gained mutation: Your muscles are strong. (Str +2) [mutagenic meat]
  4758 | D:6      | Gained mutation: You are partially covered in yellow scales. (AC +2) [mutagenic meat]
  4922 | D:6      | Found a shattered altar of Ashenzari.
  4974 | D:6      | Gained mutation: You passively map the area around you. [Deep Dwarf growth]
  4974 | D:6      | Reached XP level 9. HP: 64/80 MP: 7/7
  5030 | D:5      | Reached skill level 11 in Axes
  5076 | D:5      | Reached skill level 5 in Fighting
  5315 | D:5      | Found a runed door.
  5530 | D:7      | Found a staircase to the Ecumenical Temple.
  5538 | Temple   | Entered the Ecumenical Temple
  5623 | Temple   | Became a worshipper of Elyvilon the Healer
  5824 | D:7      | Found a bloodstained altar of Trog.
  5950 | D:7      | Reached skill level 1 in Invocations
  6026 | D:7      | Found a sparkling altar of Nemelex Xobeh.
  6027 | D:7      | Reached * piety under Elyvilon
  6521 | D:8      | Found an iron altar of Okawaru.
  6587 | D:8      | Found a shimmering altar of Xom.
  6700 | D:8      | Got a translucent flail
  6747 | D:8      | Identified the +6 flail of World's End {drain, MR+ Dex+4} (You found it on level 8 of the Dungeon)
  6770 | D:8      | Found a glowing golden altar of the Shining One.
  6839 | D:8      | Found a burning altar of Makhleb.
  6927 | D:8      | Reached skill level 5 in Invocations
  6936 | D:8      | Reached skill level 12 in Axes
  6936 | D:8      | Reached XP level 10. HP: 72/92 MP: 10/12
  7010 | D:8      | Noticed a three-headed hydra
  7022 | D:8      | Killed a three-headed hydra
  7082 | D:8      | Found a staircase to the Lair.
  7101 | D:8      | Reached ** piety under Elyvilon
  7366 | Lair:1   | Entered Level 1 of the Lair of Beasts
  7366 | Lair:1   | Noticed a spiny frog
  7369 | D:8      | Upgraded the game from 0.21-a0-79-g04744e2 to 0.21-a0-84-g85d6d27
  7436 | D:9      | Found a burning altar of Makhleb.
  7436 | D:9      | Noticed a deep elf mage
  7938 | D:9      | Killed a deep elf mage
  7938 | D:9      | Reached skill level 13 in Axes
  8061 | D:9      | Noticed a two-headed ogre
  8092 | D:9      | Killed a two-headed ogre
  8144 | D:9      | Found a snail-covered altar of Cheibriados.
  8213 | D:9      | Reached XP level 11. HP: 52/103 MP: 13/13
  8295 | D:9      | Found a radiant altar of Vehumet.
  8401 | D:9      | Found a sacrificial altar of Ru.
  8700 | D:10     | Entered Level 10 of the Dungeon
  8700 | D:10     | Noticed a two-headed ogre
  8877 | Lair:1   | Reached skill level 1 in Evocations
  8911 | Lair:1   | Reached skill level 14 in Axes
  9404 | Lair:1   | Reached *** piety under Elyvilon
  9413 | Lair:1   | Noticed a seven-headed hydra
  9427 | Lair:1   | Killed a seven-headed hydra
  9875 | Lair:1   | Reached skill level 5 in Evocations
  9955 | Lair:1   | Noticed an oklob plant
 10224 | Lair:2   | Reached **** piety under Elyvilon
 10242 | Lair:2   | Reached skill level 15 in Axes
 10757 | Lair:2   | Reached XP level 12. HP: 85/111 MP: 7/13
 11425 | Lair:3   | Identified 2 scrolls of acquirement {!r}
 11795 | Lair:3   | Reached ***** piety under Elyvilon
 11872 | Lair:3   | Got a twisted great sword
 11876 | Lair:3   | Identified the +0 great sword of Lizit {freeze, rPois rN+ Dex-4} (You found it on level 3 of the Lair of Beasts)
 11929 | Lair:3   | Found a hole to the Spider Nest.
 11962 | Lair:3   | Reached skill level 16 in Axes
 12087 | Lair:3   | Found a staircase to the Swamp.
 13009 | Lair:4   | Reached skill level 10 in Armour
 13226 | Lair:4   | Reached skill level 17 in Axes
 13497 | Lair:4   | Reached XP level 13. HP: 89/117 MP: 11/13
 14075 | Lair:5   | Reached skill level 1 in Dodging
 14543 | Lair:5   | Found a staircase to the Slime Pits.
 14592 | Lair:5   | Found a viscous altar of Jiyva.
 14758 | Lair:6   | Entered Level 6 of the Lair of Beasts
 15087 | Lair:6   | Reached skill level 18 in Axes
 15257 | Lair:6   | Noticed Kirke
 15533 | Lair:6   | Killed Kirke
 15730 | Lair:6   | Reached skill level 5 in Dodging
 16181 | Lair:6   | Gained mutation: You resist negative energy. (rN+) [Deep Dwarf growth]
 16181 | Lair:6   | Reached XP level 14. HP: 69/126 MP: 15/15
 16240 | Lair:6   | Found a burning altar of Makhleb.
 16245 | Lair:6   | Found a gateway to Hell.
 16579 | Lair:6   | Reached skill level 10 in Invocations
 16720 | Lair:3   | Reached skill level 19 in Axes
 17310 | D:10     | Noticed Joseph
 17324 | D:10     | Killed Joseph
 17509 | D:10     | Noticed Nergalle
 17521 | D:10     | Killed Nergalle
 18259 | D:5      | Found a roughly hewn altar of Beogh.
 18374 | D:5      | Killed Pikel
 18486 | D:11     | Noticed Psyche
 18761 | D:11     | Was placed under penance by Elyvilon
 18762 | D:11     | Killed Psyche
 19124 | D:11     | Noticed Josephine
 19135 | D:11     | Killed Josephine
 19491 | D:11     | Found a staircase to the Orcish Mines.
 19545 | D:12     | Was forgiven by Elyvilon
 20456 | Orc:1    | Entered Level 1 of the Orcish Mines
 20471 | D:11     | Reached skill level 20 in Axes
 20506 | Orc:1    | Noticed a stone giant
 20726 | Swamp:1  | Entered Level 1 of the Swamp
 20781 | Swamp:1  | Identified a +2 pair of boots of running (You acquired it on level 1 of the Swamp)
 20992 | Swamp:1  | Reached skill level 10 in Fighting
 22018 | Swamp:2  | Reached XP level 15. HP: 92/140 MP: 13/13
 22621 | Swamp:3  | Slain by a white very ugly thing

Vanquished Creatures
  Kirke (Lair:6)
  Josephine (D:11)
  6 hydras
  6 two-headed ogres
  5 alligators
  A ghost crab (Swamp:2)
  An ogre mage (Orc:1)
  4 death yaks (Lair:6)
  Nergalle (D:10)
  A sun demon (Lair:6)
  An unseen horror (D:12)
  A wizard (Lair:6)
  4 swamp dragons
  Pikel (D:5)
  A deep elf mage (D:9)
  A manticore (D:12)
  2 ugly things (D:11)
  2 cyclopes
  2 black mambas
  Joseph (D:10)
  15 elephants
  Psyche (D:11)
  A torpor snail (Lair:3)
  3 orange demons (Lair:6)
  A smoke demon (Lair:6)
  16 spiny frogs
  A centaur skeleton (D:11)
  An ice devil (Lair:6)
  4 rime drakes
  9 komodo dragons
  2 red devils (Lair:6)
  A troll (D:11)
  3 tyrant leeches
  3 polar bears
  4 hornets
  A bog body (Swamp:2)
  Prince Ribbit (D:5)
  17 dream sheep
  9 blink frogs
  13 hippogriffs
  A shadow (Swamp:2)
  A spriggan (Swamp:2)
  3 wyverns
  2 hogs (Lair:6)
  4 wraiths (D:11)
  49 yaks
  4 basilisks
  16 vampire mosquitoes
  3 insubstantial wisps (Swamp:1)
  5 hungry ghosts
  7 swamp worms
  12 water moccasins
  5 porcupines
  3 hell hounds (Lair:6)
  A swamp drake (Swamp:2)
  4 sky beasts
  7 orc warriors
  A slave (D:5)
  2 phantoms
  An ice beast (D:6)
  15 ogres
  14 wolves
  6 centaurs
  15 crocodiles
  18 bullfrogs
  5 big kobolds
  9 scorpions
  3 killer bees (D:7)
  2 electric eels
  4 wights (D:9)
  8 howler monkeys
  A bullfrog zombie (D:11)
  5 crimson imps
  2 quasits
  4 centaur zombies
  8 hounds
  4 jellies
  3 bullfrog skeletons
  12 orc priests
  17 orc wizards
  An iron imp (D:8)
  Jessica (D:3)
  4 iguanas
  11 worker ants
  2 hound zombies
  A hound skeleton (D:4)
  3 worker ant zombies
  4 gnolls (D:3)
  13 adders
  8 shadow imps
  An ooze (D:4)
  An adder skeleton (D:7)
  3 worms
  2 dart slugs
  8 leopard geckos
  58 orcs
  4 bats
  9 giant cockroaches
  4 goblins
  5 hobgoblins
  6 jackals
  3 quokkas
  2 ball pythons
  2 frilled lizards
  2 goblin skeletons (D:8)
  A goblin zombie (D:8)
  2 hobgoblin zombies (D:8)
  18 kobolds
  4 kobold zombies (D:8)
  An orc zombie (D:8)
  9 rats
  2 fungi
  3 plants (Lair:2)
633 creatures vanquished.

Vanquished Creatures (others)
  2 humans (Lair:6)
  A bush (Lair:6)
  8 fungi
  6 plants
17 creatures vanquished.

Grand Total: 650 creatures vanquished

Action                   |  1- 3 |  4- 6 |  7- 9 | 10-12 | 13-15 || total
-------------------------+-------+-------+-------+-------+-------++-------
Melee: War axe           |   114 |   104 |   496 |   305 |       ||  1019
       Flail             |       |       |       |    11 |       ||    11
       Battleaxe         |       |       |       |   545 |   831 ||  1376
       Dire flail        |       |       |       |     1 |    14 ||    15
Throw: Stone             |       |       |    27 |    16 |    31 ||    74
Invok: Lesser Healing    |       |       |       |    52 |       ||    52
       Greater Healing   |       |       |       |     9 |    25 ||    34
       Purification      |       |       |       |     1 |       ||     1
       Heal Other        |       |       |       |     1 |       ||     1
       Divine Vigour     |       |       |       |       |     2 ||     2
       Divine Protection |       |       |       |       |     2 ||     2
 Abil: Heal Wounds       |     1 |     2 |    11 |    20 |    19 ||    53
Evoke: Wand              |       |       |     3 |    22 |    57 ||    82
       Phantom mirror    |       |       |       |     1 |       ||     1
       Lamp of fire      |       |       |       |       |     1 ||     1
  Use: Potion            |       |     5 |     2 |     4 |     4 ||    15
       Scroll            |       |     4 |     8 |    19 |    12 ||    43
 Stab: Confused          |       |       |     1 |    12 |     7 ||    20
       Distracted        |       |       |       |     1 |       ||     1
  Eat: Chunk             |     3 |     5 |    12 |    32 |    36 ||    88
       Bread ration      |       |       |     2 |       |       ||     2
       Royal jelly       |       |       |     1 |     4 |     2 ||     7
       Fruit             |       |       |       |       |     2 ||     2
Armor: Scale mail        |    45 |    29 |       |       |       ||    74
       Chain mail        |       |     3 |   192 |   297 |       ||   492
       Fire dragon scale |       |       |       |   158 |   300 ||   458
       Plate armour      |       |       |       |       |   162 ||   162
Dodge: Dodged            |    56 |    31 |   129 |   254 |   414 ||   884
Block: Buckler           |    19 |    17 |    93 |   100 |       ||   229
       Reflection        |       |       |     3 |     9 |       ||    12
       Other             |       |       |       |     1 |       ||     1
       Rpst.: Battleaxe  |       |       |       |       |    43 ||    43

Skill      XL: |  1  2  3  4  5  6  7  8  9 10 11 12 13 14 15 |
---------------+----------------------------------------------+-----
Axes           | 3 4 5 7 8 10 12 13 15 17 18 20 | 20.0
Fighting       | 3 4 6 8 10 | 10.7
Armour         | 5 6 8 10 11 12 | 12.1
Invocations    | 5 7 9 10 | 10.0
Evocations     | 5 |  5.7
Dodging        | 5 6 |  6.0
Shields        | |  3.2
